[Event "ICC tourney 1954 (60 10)"]
[Site "Internet Chess Club"]
[Date "2020.08.07"]
[Round "3"]
[White "Knighthhhh"]
[Black "Justin2009"]
[Result "1-0"]
[ICCResult "Black resigns"]
[WhiteElo "655"]
[BlackElo "1083"]
[Opening "Scandinavian: Icelandic gambit"]
[ECO "B01"]
[NIC "SD.03"]
[Time "18:36:36"]
[TimeControl "3600+10"]

1. e4 d5 2. exd5 Nf6 3. c4 e6 4. dxe6 Bxe6 5. Nc3 Bb4 6. Nf3 Qe7 7. d4 Bxc4+
8. Be2 Bxc3+ 9. bxc3 Bxe2 10. Qxe2 Qxe2+ 11. Kxe2 O-O 12. Re1 Re8+ 13. Kf1
Rxe1+ 14. Nxe1 Nbd7 15. c4 Re8 16. Bf4 c6 17. Rb1 b6 18. Nf3 h6 19. Re1 Re3
20. Rxe3 Ng4 21. Re8+ Kh7 {Black resigns} 1-0

[Event "ICC tourney 1954 (60 10)"]
[Site "Internet Chess Club"]
[Date "2020.08.07"]
[Round "3"]
[White "kushagra12"]
[Black "CajunWyoCowboy"]
[Result "1-0"]
[ICCResult "Black checkmated"]
[WhiteElo "941"]
[BlackElo "1248"]
[Opening "Sicilian: Pin variation (Sicilian counter-attack)"]
[ECO "B41"]
[NIC "SI.41"]
[Time "18:36:50"]
[TimeControl "3600+10"]

1. e4 c5 2. Nf3 e6 3. d4 cxd4 4. Nxd4 Nf6 5. Nc3 Bb4 6. Bd3 O-O 7. O-O a6 8.
Bd2 Bc5 9. Nb3 d6 10. e5 Nfd7 11. exd6 Bxd6 12. Ne4 Bc7 13. Qh5 Be5 14. Bc3
Bxc3 15. bxc3 Nf6 16. Nxf6+ Qxf6 17. Qxh7# {Black checkmated} 1-0

[Event "ICC tourney 1954 (60 10)"]
[Site "Internet Chess Club"]
[Date "2020.08.07"]
[Round "3"]
[White "djc403"]
[Black "PranitP2011"]
[Result "0-1"]
[ICCResult "White resigns"]
[WhiteElo "1309"]
[BlackElo "1165"]
[Opening "Giuoco Pianissimo"]
[ECO "C50"]
[NIC "IG.02"]
[Time "18:36:36"]
[TimeControl "3600+10"]

1. e4 e5 2. Bc4 Nc6 3. Nf3 Bc5 4. d3 Nf6 5. O-O O-O 6. Nc3 d6 7. h3 Be6 8.
Nd5 h6 9. b4 Nxb4 10. Nxf6+ Qxf6 11. a3 Bxc4 12. dxc4 Nc6 13. Bb2 Qe6 14.
Qe2 Na5 15. Bc1 Qxc4 16. Qe1 Qxc2 17. Qxa5 Bb6 18. Qe1 f5 19. Nh4 Qxe4 20.
Qxe4 fxe4 21. Ng6 Rf6 22. Ne7+ Kh7 23. Bd2 c6 24. a4 Re8 25. a5 Bc5 26. Nxc6
bxc6 27. Rab1 Ref8 28. Be1 e3 29. Rb2 exf2+ 30. Bxf2 Bxf2+ 31. Rbxf2 Rxf2
32. Rxf2 Rxf2 33. Kxf2 d5 34. Ke3 c5 35. g4 Kg6 36. h4 h5 37. g5 Kf5 38. Kf3
c4 39. a6 d4 40. Ke2 e4 41. Kd2 Kf4 42. Kc2 e3 43. Kd1 d3 44. Ke1 c3 45. Kd1
c2+ 46. Kc1 e2 47. Kd2 e1=Q+ 48. Kxe1 c1=Q+ 49. Kf2 Qd2+ 50. Kf1 Kf3
{White resigns}
0-1

[Event "ICC tourney 1954 (60 10)"]
[Site "Internet Chess Club"]
[Date "2020.08.07"]
[Round "3"]
[White "akhanna"]
[Black "meahulm"]
[Result "0-1"]
[ICCResult "White checkmated"]
[WhiteElo "413"]
[BlackElo "958"]
[Opening "Queen's pawn: Chigorin variation"]
[ECO "D00"]
[NIC "QP.08"]
[Time "18:36:36"]
[TimeControl "3600+10"]

1. d4 d5 2. Nc3 Nf6 3. Bf4 Bf5 4. Nb5 Na6 5. Nf3 c6 6. Nc3 Nb4 7. e4 Nxe4 8.
Bd3 Nxc3 9. bxc3 Nxd3+ 10. cxd3 e6 11. O-O Bd6 12. Bxd6 Qxd6 13. c4 O-O 14.
c5 Qe7 15. Ne5 Rfd8 16. Rb1 Rab8 17. Qa4 f6 18. Nf3 Bxd3 19. Qxa7 Bxf1 20.
Kxf1 Ra8 21. Qxb7 Qxb7 22. Rxb7 Rxa2 23. Rc7 Ra6 24. Re7 Kf8 25. Rxe6 Re8
26. Rd6 Ra1+ 27. Ne1 Raxe1# {White checkmated} 0-1

[Event "ICC tourney 1954 (60 10)"]
[Site "Internet Chess Club"]
[Date "2020.08.07"]
[Round "3"]
[White "shawnchicken"]
[Black "Snowzera"]
[Result "1-0"]
[ICCResult "Black checkmated"]
[WhiteElo "1353"]
[BlackElo "1062"]
[Opening "QGD Slav defense"]
[ECO "D10"]
[NIC "SL.01"]
[Time "18:36:36"]
[TimeControl "3600+10"]

1. d4 d5 2. c4 c6 3. Nc3 Nf6 4. Bg5 Bf5 5. Bxf6 gxf6 6. Qb3 Qb6 7. Qxb6 axb6
8. cxd5 cxd5 9. Nxd5 Ra4 10. e3 b5 11. Bxb5+ Bd7 12. Bxa4 Bxa4 13. Rc1 Bd7
14. Nb6 Bh6 15. Nf3 O-O 16. Nxd7 Nxd7 17. O-O b5 18. Rc7 Nb6 19. Rxe7 Nc4
20. b3 Nd6 21. Rd7 Nf5 22. Rd5 Ne7 23. Rh5 Kg7 24. Rxb5 Ra8 25. a4 Nc6 26.
Rc1 Na5 27. b4 Nb3 28. Rb1 Rxa4 29. h3 Ra3 30. d5 Kg6 31. d6 Bf8 32. d7 Be7
33. Rb8 Nd2 34. Nxd2 Rd3 35. Nf3 Rxd7 36. b5 Bd6 37. Rg8+ Kh6 38. b6 Rb7 39.
Nh4 Kh5 40. Rb5+ Be5 41. Nf3 Kh6 42. Nxe5 fxe5 43. Rxe5 Rxb6 44. Re4 Rb5 45.
Rh4+ Rh5 46. Rxh5+ Kxh5 47. Rf8 Kg6 48. Kh2 h5 49. Kg3 f6 50. Rg8+ Kf5 51.
Rh8 Kg5 52. h4+ Kg6 53. f4 f5 54. Rg8+ Kf7 55. Rg5 Kf6 56. Rxh5 Kg6 57. Rg5+
Kh6 58. Rxf5 Kg6 59. e4 Kh6 60. Rf6+ Kg7 61. e5 Kh8 62. e6 Kg7 63. Rf7+ Kg6
64. f5+ Kh6 65. Rf6+ Kg7 66. Rg6+ Kf8 67. h5 Ke7 68. h6 Kd6 69. e7+ Kxe7 70.
h7 Kf7 71. h8=Q Ke7 72. Qh7+ Kf8 73. Rg8# {Black checkmated} 1-0

[Event "ICC tourney 1954 (60 10)"]
[Site "Internet Chess Club"]
[Date "2020.08.07"]
[Round "3"]
[White "nogf-Sadge"]
[Black "aarush-narsina"]
[Result "1-0"]
[ICCResult "Black checkmated"]
[WhiteElo "1306"]
[BlackElo "871"]
[Opening "Sicilian: Najdorf, 7...Be7"]
[ECO "B98"]
[NIC "SI.09"]
[Time "18:36:12"]
[TimeControl "3600+10"]

1. e4 c5 2. Nf3 d6 3. d4 cxd4 4. Nxd4 Nf6 5. Nc3 a6 6. Bg5 e6 7. f4 Be7 8.
Be2 O-O 9. O-O Bd7 10. Kh1 Qb6 11. e5 Qxb2 12. exf6 gxf6 13. Bh6 Qxc3 14.
Rf3 Qc5 15. Rg3+ Kh8 16. Bg7+ Kg8 17. Bxf6+ Qg5 18. Rxg5# {Black checkmated}
1-0

[Event "ICC tourney 1954 (60 10)"]
[Site "Internet Chess Club"]
[Date "2020.08.07"]
[Round "3"]
[White "tarunrswami"]
[Black "thanhcaptures"]
[Result "0-1"]
[ICCResult "White checkmated"]
[WhiteElo "805"]
[BlackElo "1167"]
[Opening "Giuoco Piano"]
[ECO "C54"]
[NIC "IG.02"]
[Time "18:36:36"]
[TimeControl "3600+10"]

1. e4 e5 2. Nf3 Nc6 3. Bc4 Bc5 4. c3 Nf6 5. d3 O-O 6. Nbd2 d6 7. Bb3 Bg4 8.
O-O Bh5 9. Re1 Ng4 10. d4 exd4 11. cxd4 Nxd4 12. Nxd4 Bxd4 13. Nf3 Bxf2+ 14.
Kf1 Bxe1 15. Qxe1 h6 16. Qg3 Qf6 17. h3 Ne5 18. Bd1 Nxf3 19. gxf3 Rfe8 20.
Ke1 Qg6 21. Qf2 Re7 22. Bc2 Qf6 23. Be3 Qxf3 24. Qxf3 Bxf3 25. Kf2 Bxe4 26.
Bxe4 Rxe4 27. Kf3 Rae8 28. Re1 f5 29. h4 f4 30. Bf2 Rxe1 31. Bxe1 Rxe1 32.
Kf2 Re3 33. Kg2 Kf7 34. Kf2 Kg6 35. Kg2 d5 36. Kf1 d4 37. Kf2 d3 38. Kf1 Re2
39. Kg1 d2 40. Kf1 d1=Q# {White checkmated} 0-1

[Event "ICC tourney 1954 (60 10)"]
[Site "Internet Chess Club"]
[Date "2020.08.07"]
[Round "3"]
[White "viratfan"]
[Black "Blitzstein"]
[Result "0-1"]
[ICCResult "White checkmated"]
[WhiteElo "313"]
[BlackElo "1120"]
[Opening "Sicilian: accelerated fianchetto, exchange variation"]
[ECO "B34"]
[NIC "SI.33"]
[Time "18:36:35"]
[TimeControl "3600+10"]

1. e4 c5 2. Nf3 Nc6 3. d4 cxd4 4. Nxd4 g6 5. Nxc6 bxc6 6. Qd4 Nf6 7. e5 Nd5
8. e6 Nf6 9. exf7+ Kxf7 10. Nc3 Bg7 11. Qb4 Qb6 12. Qxb6 axb6 13. Bf4 Ba6
14. Bxa6 Rxa6 15. Kd2 Rha8 16. Kd3 Ng4 17. Ke2 Bxc3 18. bxc3 Rxa2 19. Rxa2
Rxa2 20. Kf3 h5 21. h3 Nf6 22. Rc1 Nd5 23. Bd2 Kf6 24. Ke4 Ra4+ 25. Kd3 Kf5
26. c4 Nf4+ 27. Bxf4 Kxf4 28. Kd4 Kf5 29. c3 Ra2 30. Rf1 e5+ 31. Kd3 e4+ 32.
Ke3 Rc2 33. Kd4 Rd2+ 34. Ke3 Rd3+ 35. Ke2 Rxc3 36. Kd2 Rxc4 37. Ke3 d5 38.
Rb1 b5 39. f3 exf3 40. Kxf3 b4 41. Rf1 Ke5 42. Ke3 b3 43. Rb1 Rb4 44. Kd2 c5
45. Kc3 Rb5 46. Rxb3 Rxb3+ 47. Kxb3 Ke4 48. Kc2 Ke3 49. Kc3 Kf2 50. g4 hxg4
51. hxg4 Kf3 52. g5 Kf4 53. Kd3 Kxg5 54. Ke3 Kf5 55. Kf3 Ke5 56. Ke3 g5 57.
Kf3 Kd4 58. Ke2 Ke4 59. Kd2 Kf3 60. Ke1 Kg2 61. Ke2 g4 62. Ke3 g3 63. Kf4
Kf2 64. Ke5 g2 65. Kxd5 g1=Q 66. Kxc5 Qg4 67. Kd5 Ke3 68. Kc5 Kd3 69. Kd5
Qh5+ 70. Ke6 Kd4 71. Kf6 Ke4 72. Ke6 Qh6+ 73. Kd7 Kd5 74. Kc7 Qg6 75. Kb7
Kc5 76. Ka7 Kb5 77. Kb7 Qh7+ 78. Kc8 Kb6 79. Kd8 Kc6 80. Kc8 Qg8#
{White checkmated}
0-1

[Event "ICC tourney 1954 (60 10)"]
[Site "Internet Chess Club"]
[Date "2020.08.07"]
[Round "3"]
[White "EW2006"]
[Black "Electryon"]
[Result "1-0"]
[ICCResult "Black resigns"]
[WhiteElo "1088"]
[BlackElo "1349"]
[Opening "Caro-Kann: classical variation"]
[ECO "B18"]
[NIC "CK.10"]
[Time "18:35:59"]
[TimeControl "3600+10"]

1. e4 d5 2. exd5 Qxd5 3. Nc3 Qd8 4. d4 c6 5. Ne4 Bf5 6. Ng3 Bg6 7. Bc4 e6 8.
N1e2 h6 9. Nf4 Bh7 10. O-O Nf6 11. Re1 Be7 12. Bxe6 fxe6 13. Nxe6 Qd5 14.
Nc7+ Kd8 15. Nxd5 Nxd5 16. Qe2 Nd7 17. c4 Bb4 18. Bd2 Nf4 19. Bxf4 Bxe1 20.
Qxe1 Re8 21. Qd2 Nb6 22. b3 Kd7 23. Be5 g5 24. Nh5 Kc8 25. Nf6 Re7 26. Nxh7
Rxh7 27. f4 gxf4 28. Qxf4 Nd7 29. Rf1 Nxe5 30. Qxe5 Kd7 31. Qf5+ Kc7 32.
Qxh7+ {Black resigns} 1-0

[Event "ICC tourney 1954 (60 10)"]
[Site "Internet Chess Club"]
[Date "2020.08.07"]
[Round "3"]
[White "worldcupgirl"]
[Black "lovechess12"]
[Result "1/2-1/2"]
[ICCResult "Game drawn by mutual agreement"]
[WhiteElo "1365"]
[BlackElo "1226"]
[Opening "Scotch game"]
[ECO "C45"]
[NIC "SO.05"]
[Time "18:36:36"]
[TimeControl "3600+10"]

1. e4 e5 2. Nf3 Nc6 3. d4 exd4 4. Nxd4 Bc5 5. Nxc6 Qf6 6. Qd2 dxc6 7. Bd3
Ne7 8. O-O Be6 9. Be2 O-O 10. Nc3 Ng6 11. Na4 Rad8 12. Qg5 Qxg5 13. Bxg5 Be7
14. Bxe7 Nxe7 15. Nc5 Bc8 16. Nd3 f5 17. exf5 Nxf5 18. Ne5 g6 19. Bc4+ Kg7
20. Rad1 Nd6 21. Be2 Bf5 22. Bd3 Bxd3 23. Rxd3 Nf5 24. Rfd1 Rd6 25. g4 Rxd3
26. Rxd3 Nd6 27. Kg2 Re8 28. Nf3 Re4 29. h3 Re2 30. Rd2 Rxd2 31. Nxd2 Kf6
32. Kg3 g5 {Game drawn by mutual agreement} 1/2-1/2

[Event "ICC tourney 1954 (60 10)"]
[Site "Internet Chess Club"]
[Date "2020.08.07"]
[Round "3"]
[White "amdink"]
[Black "agrimjax1"]
[Result "0-1"]
[ICCResult "White checkmated"]
[WhiteElo "1080"]
[BlackElo "1261"]
[Opening "Two knights defense"]
[ECO "C58"]
[NIC "KP.01"]
[Time "18:35:51"]
[TimeControl "3600+10"]

1. e4 e5 2. Nf3 Nc6 3. Bc4 Nf6 4. Ng5 d5 5. exd5 Na5 6. Bb5+ c6 7. dxc6 bxc6
8. Bd3 Nd5 9. Ne4 Nf4 10. Bf1 Qc7 11. g3 Ng6 12. Bg2 Be7 13. O-O O-O 14.
Nbc3 f5 15. d4 fxe4 16. Bxe4 exd4 17. Qxd4 Bf6 18. Qd1 Bh3 19. Re1 Qf7 20.
Be3 Rae8 21. Bc5 Be7 22. Bxg6 hxg6 23. Bxa7 c5 24. Qd5 Qxd5 25. Nxd5 Bd6 26.
Bb6 Nc4 27. Bc7 Bxc7 28. Nxc7 Rxe1+ 29. Rxe1 Nxb2 30. Ne6 Re8 31. Re2 Rxe6
32. Rd2 Re1# {White checkmated} 0-1

[Event "ICC tourney 1954 (60 10)"]
[Site "Internet Chess Club"]
[Date "2020.08.07"]
[Round "3"]
[White "IsaacCumes"]
[Black "AnandVinod"]
[Result "0-1"]
[ICCResult "White checkmated"]
[WhiteElo "989"]
[BlackElo "1334"]
[Opening "Giuoco Piano"]
[ECO "C50"]
[NIC "IG.02"]
[Time "18:36:00"]
[TimeControl "3600+10"]

1. e4 e5 2. Nf3 Nc6 3. Bc4 Bc5 4. O-O Nf6 5. d3 h6 6. Be3 Bb6 7. d4 exd4 8.
Bxd4 Nxd4 9. Nxd4 Nxe4 10. Re1 d5 11. Bb5+ c6 12. Nxc6 bxc6 13. Bxc6+ Bd7
14. Bxa8 Bxf2+ 15. Kf1 Bxe1 16. Qxd5 Qf6+ 17. Ke2 Qf2+ 18. Kd1 Bg4+ 19. Kc1
Qe3+ 20. Nd2 Bxd2+ 21. Qxd2 Qxd2+ 22. Kb1 Qd1# {White checkmated} 0-1

[Event "ICC tourney 1954 (60 10)"]
[Site "Internet Chess Club"]
[Date "2020.08.07"]
[Round "3"]
[White "layla0422"]
[Black "Checkmate1970"]
[Result "1-0"]
[ICCResult "Black checkmated"]
[WhiteElo "1177"]
[BlackElo "837"]
[Opening "Giuoco Pianissimo"]
[ECO "C50"]
[NIC "IG.02"]
[Time "18:35:51"]
[TimeControl "3600+10"]

1. e4 e5 2. Nf3 Nc6 3. Bc4 Bc5 4. d3 h6 5. O-O Nf6 6. Nbd2 O-O 7. Nb3 d6 8.
Nxc5 dxc5 9. Be3 Nd4 10. c3 Nxf3+ 11. Qxf3 Be6 12. Bxe6 fxe6 13. Bxc5 Rf7
14. Rad1 b6 15. Be3 c5 16. Qg3 Nh5 17. Qxe5 Rd7 18. Qxh5 Rxd3 19. Rxd3 Qxd3
20. Rd1 Qc2 21. Qg4 Rf8 22. Rf1 g5 23. Qxe6+ Kg7 24. Qe7+ Rf7 25. Qe5+ Kg8
26. Qe6 Kg7 27. Qe5+ Kg8 28. Qe8+ Rf8 29. Qg6+ Kh8 30. Qxh6+ Kg8 31. Qxg5+
Kh7 32. Qh6+ Kg8 33. Qg6+ Kh8 34. Bg5 Rg8 35. Bf6+ Rg7 36. Qxg7#
{Black checkmated}
1-0

[Event "ICC tourney 1954 (60 10)"]
[Site "Internet Chess Club"]
[Date "2020.08.07"]
[Round "3"]
[White "auggie29"]
[Black "Alberttheshow"]
[Result "1-0"]
[ICCResult "Black checkmated"]
[WhiteElo "1047"]
[BlackElo "562"]
[Opening "Queen's bishop game"]
[ECO "D00"]
[NIC "QP.08"]
[Time "18:36:09"]
[TimeControl "3600+10"]

1. d4 d5 2. Bf4 Nf6 3. Nf3 Bf5 4. e3 e6 5. Bb5+ c6 6. Bd3 Bxd3 7. cxd3 Bb4+
8. Nc3 b6 9. a3 Bxc3+ 10. bxc3 c5 11. O-O Nbd7 12. Re1 O-O 13. h3 Re8 14.
Bg5 h6 15. Bh4 Rc8 16. e4 Kf8 17. e5 g5 18. Nxg5 hxg5 19. Bxg5 Rb8 20. exf6
Nxf6 21. Qf3 Kg7 22. Qg3 Kf8 23. Re3 Nh5 24. Bh6+ Ke7 25. Qg5+ Nf6 26. Bg7
Kd6 27. Qxf6 Qxf6 28. Bxf6 Rg8 29. Be5+ Ke7 30. Bxb8 Rxb8 31. h4 f6 32. Rh3
e5 33. dxe5 fxe5 34. h5 d4 35. cxd4 exd4 36. h6 Rh8 37. Re1+ Kf7 38. Re4 Kg6
39. Rg4+ Kh7 40. Rg7# {Black checkmated} 1-0

[Event "ICC tourney 1954 (60 10)"]
[Site "Internet Chess Club"]
[Date "2020.08.07"]
[Round "3"]
[White "Lucasmoon17"]
[Black "glassviper"]
[Result "0-1"]
[ICCResult "White checkmated"]
[WhiteElo "674"]
[BlackElo "953"]
[Opening "Benko's opening"]
[ECO "A00"]
[NIC "VO.09"]
[Time "18:35:50"]
[TimeControl "3600+10"]

1. g3 f5 2. Bg2 Nf6 3. Nf3 e6 4. O-O Be7 5. Nc3 O-O 6. d3 c6 7. Bg5 d5 8. e3
Nbd7 9. Bxf6 Bxf6 10. e4 b6 11. exf5 exf5 12. Nd2 Nc5 13. Nxd5 cxd5 14. c4
Be6 15. b4 Nxd3 16. Qe2 Ne5 17. f4 Nxc4 18. Qxe6+ Kh8 19. Bxd5 Nxd2 20. Rad1
Nxf1 21. Bxa8 Qxd1 22. Kg2 Rxa8 23. Qc6 Rd8 24. Kh3 h6 25. Qc7 Rd2 26. g4
Qxg4# {White checkmated} 0-1

[Event "ICC tourney 1954 (60 10)"]
[Site "Internet Chess Club"]
[Date "2020.08.07"]
[Round "3"]
[White "azhang123"]
[Black "Aadarsh99"]
[Result "0-1"]
[ICCResult "White checkmated"]
[WhiteElo "1206"]
[BlackElo "1084"]
[Opening "Queen's pawn, Mason variation"]
[ECO "D00"]
[NIC "QP.08"]
[Time "18:35:40"]
[TimeControl "3600+10"]

1. d4 d5 2. Bf4 e6 3. Nf3 Nf6 4. e3 c5 5. c3 Nc6 6. Bd3 Be7 7. Nbd2 O-O 8.
Ne5 Bd6 9. Ndf3 Ne4 10. Qc2 Nf6 11. g4 Bxe5 12. dxe5 c4 13. exf6 cxd3 14.
Qxd3 Qxf6 15. Ng5 Qg6 16. Qf1 f6 17. Nf3 e5 18. Bg3 Bxg4 19. Nh4 Qe4 20. h3
Bh5 21. Rc1 Na5 22. Kd2 Nc4+ 23. Ke1 Nxe3 24. f3 Qa4 25. Qe2 d4 26. b3 Qc6
27. Kf2 Qe6 28. cxd4 exd4 29. Ng2 Rfe8 30. Bf4 Ng4+ 31. hxg4 Qxe2+ 32. Kg3
Bg6 33. Rce1 Qxa2 34. Nh4 Rxe1 35. Rxe1 Re8 36. Nxg6 Rxe1 37. Ne7+ Kf7 38.
Bd6 Rxe7 39. Bxe7 Kxe7 40. Kf4 Qxb3 41. Ke4 a5 42. Kxd4 a4 43. Kc5 a3 44. f4
a2 45. f5 a1=Q 46. g5 Qc1+ 47. Kd4 Qbd1+ 48. Ke4 Qcc2+ 49. Ke3 Qce2+ 50. Kf4
Qdf1+ 51. Kg3 Qeg2+ 52. Kh4 Qfh1# {White checkmated} 0-1

[Event "ICC tourney 1954 (60 10)"]
[Site "Internet Chess Club"]
[Date "2020.08.07"]
[Round "3"]
[White "buptwy"]
[Black "srirammarni"]
[Result "1-0"]
[ICCResult "Black checkmated"]
[WhiteElo "584"]
[BlackElo "830"]
[Opening "Ruy Lopez: Möller defense"]
[ECO "C70"]
[NIC "RL.09"]
[Time "18:36:05"]
[TimeControl "3600+10"]

1. e4 e5 2. Nf3 Nc6 3. Bb5 a6 4. Ba4 Bc5 5. O-O Nf6 6. Bxc6 dxc6 7. Nxe5 Qe7
8. Nf3 Nxe4 9. d3 Nf6 10. Re1 Qxe1+ 11. Qxe1+ Be6 12. Ng5 Ng4 13. Be3 Nxe3
14. fxe3 O-O 15. Nc3 Bd7 16. Qh4 h6 17. Nf3 Bxe3+ 18. Kh1 Rfe8 19. Re1 Bg5
20. Nxg5 hxg5 21. Qg3 Rxe1+ 22. Qxe1 Re8 23. Qg3 f5 24. h3 g4 25. hxg4 fxg4
26. Ne4 Rc8 27. Kg1 Kf7 28. Kf2 Ke7 29. Ke3 Bf5 30. Qe5+ Be6 31. Nc5 Rd8 32.
Qxc7+ Rd7 33. Nxd7 Bxd7 34. Kd4 b5 35. Ke5 Ke8 36. Kd6 Bf5 37. Qe7#
{Black checkmated}
1-0

[Event "ICC tourney 1954 (60 10)"]
[Site "Internet Chess Club"]
[Date "2020.08.07"]
[Round "3"]
[White "oxdidi"]
[Black "HKChessTour"]
[Result "1-0"]
[ICCResult "Black checkmated"]
[WhiteElo "1330"]
[BlackElo "1054"]
[Opening "Giuoco Piano"]
[ECO "C54"]
[NIC "IG.02"]
[Time "18:36:36"]
[TimeControl "3600+10"]

1. e4 e5 2. Nf3 Nc6 3. Bc4 Bc5 4. c3 Nf6 5. d3 h6 6. Nbd2 d6 7. h3 Bd7 8.
O-O O-O 9. Re1 Re8 10. Nf1 Be6 11. Bb3 d5 12. exd5 Bxd5 13. Ng3 Bxb3 14.
axb3 a6 15. Nf5 Qd7 16. N3h4 Rad8 17. d4 exd4 18. Rxe8+ Rxe8 19. Qf3 Re1+
20. Kh2 Qe6 21. Qg3 Ne4 22. Qxg7# {Black checkmated} 1-0

[Event "ICC tourney 1954 (60 10)"]
[Site "Internet Chess Club"]
[Date "2020.08.07"]
[Round "3"]
[White "ChessG2011"]
[Black "royayush"]
[Result "0-1"]
[ICCResult "White resigns"]
[WhiteElo "1021"]
[BlackElo "1340"]
[Opening "Sicilian defense"]
[ECO "B44"]
[NIC "SI.39"]
[Time "18:36:33"]
[TimeControl "3600+10"]

1. e4 c5 2. Nf3 Nc6 3. d4 cxd4 4. Nxd4 e6 5. Nxc6 bxc6 6. Bd3 d5 7. exd5
cxd5 8. Bb5+ Bd7 9. Bxd7+ Qxd7 10. a3 Bd6 11. Nc3 Nf6 12. Be3 O-O 13. O-O
Rad8 14. Bxa7 Qxa7 15. Nb5 Qb8 16. Nxd6 Qxd6 17. b4 Ra8 18. Qd2 Ne4 19. Qd3
Nf6 20. b5 Rfb8 21. a4 Qb4 22. Rfb1 Qc5 23. a5 Ne4 24. Qe3 Qxe3 25. fxe3 Nc3
26. Rb3 Nxb5 27. a6 Na7 28. Rb7 Nc6 29. Rc7 Rb6 30. a7 h6 31. Ra3 Nd8 32.
Rac3 Rb7 33. Rc8 Rbxa7 34. Rxa8 Rxa8 35. Kf2 Nb7 36. Kf3 Nd6 37. Rc6 Ne4 38.
c4 Nd2+ 39. Kf4 Nxc4 40. e4 Ra4 41. Rc8+ Kh7 42. exd5 Nd6+ 43. Ke5 Nxc8 44.
dxe6 Ra5+ 45. Ke4 fxe6 {White resigns} 0-1

[Event "ICC tourney 1954 (60 10)"]
[Site "Internet Chess Club"]
[Date "2020.08.07"]
[Round "3"]
[White "AD-chess"]
[Black "nirvana2020"]
[Result "0-1"]
[ICCResult "White checkmated"]
[WhiteElo "1063"]
[BlackElo "905"]
[Opening "Queen's pawn game"]
[ECO "D02"]
[NIC "QP.08"]
[Time "18:35:57"]
[TimeControl "3600+10"]

1. d4 d5 2. Nf3 Bf5 3. e3 Nc6 4. b3 h6 5. Bb2 e6 6. Nbd2 Nb4 7. c3 Nc2+ 8.
Ke2 Nxa1 9. Qxa1 Nf6 10. Ke1 Be7 11. Be2 O-O 12. Ne5 Ne4 13. Ndf3 c5 14. c4
Qa5+ 15. Kf1 Nd2+ 16. Nxd2 Qxd2 17. Nf3 Qc2 18. dxc5 f6 19. Nd4 Qe4 20. Bf3
Qd3+ 21. Kg1 Bxc5 22. Be2 Qd2 23. Bc3 Bxd4 24. exd4 Qxe2 25. f3 Qe3+ 26. Kf1
Bd3# {White checkmated} 0-1

[Event "ICC tourney 1954 (60 10)"]
[Site "Internet Chess Club"]
[Date "2020.08.07"]
[Round "3"]
[White "neo898913"]
[Black "LittlePawn135"]
[Result "0-1"]
[ICCResult "White resigns"]
[WhiteElo "876"]
[BlackElo "516"]
[Opening "Philidor: exchange variation"]
[ECO "C41"]
[NIC "KP.08"]
[Time "18:36:20"]
[TimeControl "3600+10"]

1. e4 e5 2. Nf3 d6 3. d4 exd4 4. Nxd4 Nf6 5. Nc3 Be7 6. Bd3 Bd7 7. O-O O-O
8. f4 Nc6 9. Nxc6 Bxc6 10. Qe2 a6 11. e5 dxe5 12. fxe5 Nd5 13. Qh5 g6 14.
Qh3 Bc5+ 15. Kh1 Nxc3 16. bxc3 Bb5 17. Bxb5 axb5 18. Bh6 Re8 19. Rfe1 Bf8
20. Bxf8 Rxf8 21. Qd3 Qxd3 22. cxd3 Rfd8 23. d4 c6 24. a3 Re8 25. Kg1 Re6
26. g4 Rae8 27. g5 h6 28. gxh6 f6 29. Rad1 fxe5 30. Rxe5 Rxe5 31. dxe5 Rxe5
32. Rd7 Rc5 33. Rxb7 Rxc3 34. Rc7 c5 35. Kf1 b4 36. axb4 cxb4 37. Rb7 b3 38.
Ke2 Rc2+ 39. Kf3 b2 40. Ke3 Rxh2 41. Kd3 g5 42. h7+ Kh8 43. Rb8+ Kxh7 44.
Rb7+ Kg6 45. Rb6+ Kh5 46. Rb5 Kh4 47. Rb4+ g4 48. Ke3 Rg2 49. Kf4 Kh3 50.
Rb8 Rf2+ 51. Ke3 g3 52. Rh8+ Kg2 53. Rb8 Kg1 54. Ke4 g2 55. Kd3 Kf1 56. Rh8
b1=Q+ 57. Kc3 Qc1+ 58. Kd3 Rd2+ 59. Ke3 Qc3+ 60. Ke4 Rd4+ 61. Kf5 Qc5+
{White resigns}
0-1

[Event "ICC tourney 1954 (60 10)"]
[Site "Internet Chess Club"]
[Date "2020.08.07"]
[Round "3"]
[White "Anichess2009"]
[Black "boxingguy2469x"]
[Result "1/2-1/2"]
[ICCResult "Game drawn by mutual agreement"]
[WhiteElo "480"]
[BlackElo "1129"]
[Opening "King's pawn game"]
[ECO "C50"]
[NIC "IG.03"]
[Time "18:36:19"]
[TimeControl "3600+10"]

1. e4 e5 2. Nf3 Nc6 3. Bc4 Nd4 4. Nxd4 exd4 5. c3 dxc3 6. Nxc3 Bc5 7. d4 Bb4
8. a3 Ba5 9. Qf3 Qe7 10. b4 Bb6 11. Nd5 Qf8 12. a4 c6 13. Nxb6 axb6 14. Ba3
Ne7 15. Bb2 d6 16. b5 Bd7 17. d5 cxb5 18. Bxb5 Bxb5 19. axb5 Rxa1+ 20. Bxa1
f5 21. exf5 Nxf5 22. O-O Ne7 23. Qxf8+ Kxf8 24. Rc1 Kf7 25. Rc7 Rc8 26. Rxc8
Nxc8 27. f3 Ne7 28. Bd4 Nxd5 29. Kf2 Nc7 30. Bxb6 Nxb5 31. Ke3 Ke6 32. Ke4
d5+ 33. Kf4 h6 34. g4 g5+ 35. Ke3 Ke5 36. Bd8 d4+ 37. Kd3
{Game drawn by mutual agreement}
1/2-1/2

[Event "ICC tourney 1954 (60 10)"]
[Site "Internet Chess Club"]
[Date "2020.08.07"]
[Round "3"]
[White "QueeningPawn8"]
[Black "nagapraneel"]
[Result "1-0"]
[ICCResult "Black checkmated"]
[WhiteElo "937"]
[BlackElo "791"]
[Opening "Scotch opening"]
[ECO "C44"]
[NIC "KP.10"]
[Time "18:36:14"]
[TimeControl "3600+10"]

1. e4 e5 2. Nf3 Nc6 3. d4 f6 4. Bb5 a6 5. Bxc6 dxc6 6. dxe5 Qxd1+ 7. Kxd1
fxe5 8. Nxe5 Bd6 9. Bf4 Nf6 10. Nc3 O-O 11. Nd3 b5 12. Kd2 Bb4 13. Nxb4 Rd8+
14. Ke2 Re8 15. f3 Be6 16. Nxc6 Bc4+ 17. Kf2 Rac8 18. Rad1 Be6 19. Nd4 c5
20. Nxe6 Rxe6 21. Nd5 Nxd5 22. exd5 Re7 23. Rhe1 Rd7 24. d6 Rf8 25. Bg3 Kf7
26. Re2 h6 27. Rde1 a5 28. Re7+ Rxe7 29. Rxe7+ Kg8 30. d7 Rd8 31. Re8+ Rxe8
32. dxe8=Q+ Kh7 33. Qe4+ Kg8 34. Qg6 Kf8 35. Bd6+ Kg8 36. Ke3 Kh8 37. Be5
Kg8 38. Qxg7# {Black checkmated} 1-0

[Event "ICC tourney 1954 (60 10)"]
[Site "Internet Chess Club"]
[Date "2020.08.07"]
[Round "3"]
[White "yimaster"]
[Black "pranavg03"]
[Result "0-1"]
[ICCResult "White resigns"]
[WhiteElo "1181"]
[BlackElo "1177"]
[Opening "Sicilian: wing gambit, Carlsbad variation"]
[ECO "B20"]
[NIC "SI.48"]
[Time "18:35:55"]
[TimeControl "3600+10"]

1. e4 c5 2. b4 cxb4 3. a3 bxa3 4. Bxa3 Nc6 5. d4 d6 6. Bc4 Nf6 7. Nc3 g6 8.
Nf3 Bg7 9. e5 dxe5 10. dxe5 Qxd1+ 11. Rxd1 Nd7 12. Nd5 O-O 13. Nc7 Rb8 14.
e6 Nb6 15. exf7+ Kh8 16. Bb3 Bg4 17. Bd5 Nxd5 18. Nxd5 Bxf3 19. gxf3 Rxf7
20. Rd3 Rd8 21. c4 e6 22. h4 exd5 23. cxd5 Ne5 24. Re3 Nxf3+ 25. Ke2 Nd4+
26. Kf1 Nc2 27. Rd3 Nxa3 28. Rxa3 Bd4 29. Rh2 Rxd5 30. Rd3 Rfd7 31. h5 Rxh5
32. Rxh5 gxh5 33. Ke2 Rd8 34. Kf3 Bb6 35. Rc3 Rf8+ 36. Kg3 Bxf2+ 37. Kg2 Bb6
38. Rh3 a5 39. Rxh5 Ra8 40. Rb5 Bd8 41. Kf3 a4 42. Rxb7 a3 43. Rb1 a2 44.
Ra1 Bf6 45. Rxa2 Rxa2 {White resigns} 0-1